 Dungeon Crawl Stone Soup version 0.27-a0-419-g7a85846853 (webtiles) character file.

Game seed: 3841307217078098392

29 Chiseanne the Covered (level 3, 0/26 HPs)
             Began as a Demonspawn Wanderer on Feb 26, 2021.
             Slain by a gnoll
             ... wielding a +0 spear
              (3 damage)
             ... on level 1 of the Dungeon.
             The game lasted 00:01:15 (1157 turns).

Chiseanne the Covered (Demonspawn Wanderer)         Turns: 1157, Time: 00:01:15

Health: 0/26       AC:  8    Str: 15    XL:     3   Next: 1%
Magic:  6/6        EV:  9    Int: 13    God:
Gold:   41         SH:  0    Dex: 10    Spells: 5/6 levels left

rFire    . . .     SeeInvis .   a - +0 club
rCold    . . .     Faith    .   (no shield)
rNeg     . . .     Spirit   .   d - +2 scale mail
rPois    .         Reflect  .   (no helmet)
rElec    .         Harm     .   (no cloak)
rCorr    .         Rampage  .   (no gloves)
Will     .....                  (no boots)
Stlth    ..........             (no amulet)
HPRegen  0.08/turn              (no ring)
MPRegen  0.10/turn              (no ring)

@: no status effects
A: ignite blood 1, powered by death 1
a: no special abilities


You were on level 1 of the Dungeon.
You visited 1 branch of the dungeon, and saw 1 of its levels.

You collected 41 gold pieces.

Inventory:

Hand Weapons
 a - a +0 club (weapon)
Missiles
 g - 24 bolts
 h - 2 boomerangs
 j - 9 sling bullets
 k - 22 stones
 n - 12 arrows
Armour
 d - a +2 scale mail (worn)
Jewellery
 i - a ring of ice
Scrolls
 b - 3 scrolls of enchant weapon {unknown}
 c - 2 scrolls of teleportation
 e - a scroll of noise {unknown}
 f - a scroll of identify {unknown}
Potions
 l - 2 potions of curing {unknown}
 m - a potion of haste {unknown}


   Skills:
 * Level 1.3 Fighting
 - Level 1.7 Bows
 * Level 3.1 Armour
 * Level 1.2 Dodging
 - Level 1.0 Shields
 - Level 2.0 Spellcasting
 - Level 1.0 Transmutations
 - Level 1.0 Evocations


You had 5 spell levels left.
You knew the following spells:

 Your Spells              Type           Power        Failure   Level
a - Sting                 Tmut/Pois      8%           61%         1

Your spell library contained the following spells:

 Spells                   Type           Power        Failure   Level
 Ignite Poison            Fire/Tmut/Pois 2%           95%         3


Dungeon Overview and Level Annotations

Branches:
Dungeon (1/15)

Altars:


Innate Abilities, Weirdness & Mutations

Your demonic aura sometimes causes spilled blood to erupt in flames You regenerate a little health from kills.


Message History

The gnoll is moderately wounded.
The gnoll hits you with a +0 spear. The gnoll closely misses you.
Your scale mail prevents you from hitting the gnoll.
The gnoll is moderately wounded.
The gnoll closely misses you.
You hit the gnoll but do no damage.
The gnoll is moderately wounded.
The gnoll hits you but does no damage.
You hit the gnoll.
The gnoll is heavily wounded.
The gnoll closely misses you. The gnoll hits you with a +0 spear!
You barely miss the gnoll.
The gnoll is heavily wounded.
The gnoll hits you but does no damage.
You hit the gnoll.
The gnoll is severely wounded.
The gnoll hits you with a +0 spear.
You are too injured to fight recklessly!
You are too injured to fight recklessly!
You are too injured to fight recklessly!
You are too injured to fight recklessly!
You are too injured to fight recklessly!
You are too injured to fight recklessly!
You are too injured to fight recklessly!
You are too injured to fight recklessly!
You are too injured to fight recklessly!
You are too injured to fight recklessly!
You are too injured to fight recklessly!
You hit the gnoll but do no damage.
The gnoll is severely wounded.
The gnoll hits you with a +0 spear!
* * * LOW HITPOINT WARNING * * *
You closely miss the gnoll.
The gnoll is severely wounded.
The gnoll hits you but does no damage. The gnoll hits you with a +0 spear.
* * * LOW HITPOINT WARNING * * *
You closely miss the gnoll.
The gnoll is severely wounded.
The gnoll hits you with a +0 spear.
You die...

...# #.........## #.....
...# #.........# #.....
...# #.........# #.....
...# #.........# #.....
#########......#########
#.....
...##...#..............#
#.....
.....#.##..............#
####..
..#.#.###..............#
#.....
...#...##.###...@°.....#
#..... ..........#
#....g.....# #.....
#########.# #..........#
#..... #......††#
#..........# #...†.
#........# ############
#..^.. #........# #.....
#........# #.....
########## #..... #.....


You could see a gnoll.

Vanquished Creatures
  2 dart slugs (D:1)
  2 leopard geckos (D:1)
  5 bats (D:1)
  A giant cockroach (D:1)
  A goblin (D:1)
  3 hobgoblins (D:1)
  2 frilled lizards (D:1)
  3 kobolds (D:1)
  5 rats (D:1)
24 creatures vanquished.

Notes
Turn   | Place    | Note
-------+----------+-------------------------------------------
     0 | D:1      | Chiseanne the Demonspawn Wanderer began the quest for the
                  | Orb.
     0 | D:1      | Chiseanne set off with the following items: a +0 club, a
                  | scroll of teleportation, a +2 scale mail; and the following
                  | spell memorised: Sting; and the following spells available
                  | to memorise: Ignite Poison
     0 | D:1      | Reached XP level 1. HP: 13/13 MP: 3/3
   442 | D:1      | Gained mutation: You regenerate a little health from kills.
                  | [demonic ancestry]
   442 | D:1      | Reached XP level 2. HP: 7/20 MP: 5/5
   638 | D:1      | Reached skill level 1 in Fighting
   790 | D:1      | Reached skill level 3 in Armour
   790 | D:1      | Reached skill level 1 in Dodging
  1105 | D:1      | Gained mutation: Your demonic aura sometimes causes spilled
                  | blood to erupt in flames [demonic ancestry]
  1105 | D:1      | Reached XP level 3. HP: 23/26 MP: 6/6
  1157 | D:1      | Slain by a gnoll

Illustrated notes

Levels and vault maps discovered:
D:1:      minmay_arrival_five_plusses, layout_basic, minmay_misc_feat_rugged,
          minmay_misc_feat_alley

Skill      XL: |  1  2 |
---------------+-------+-----
Fighting       | 1 |  1.3
Armour         | 3 |  3.1
Dodging        | 1 |  1.2
Bows           | |  1.7
Shields        | |  1.0
Spellcasting   | |  2.0
Transmutations | |  1.0
Evocations     | |  1.0

Action                   || total
-------------------------++-------
Melee: Club              ||   158
Armor: Scale mail        ||   152
Dodge: Dodged            ||   164

Table legend: (Time is in decaauts)
 A = Elapsed time spent in this place.
 B = Non-inter-level travel time spent in this place.
 C = Inter-level travel time spent in this place.
 D = Time resting spent in this place.
 E = Time spent auto-exploring this place.
 F = Levels seen in this place.
 G = Mean time per level.
                   A        B        C        D        E       F      G
               +--------+--------+--------+--------+--------+-----+--------+
         Total |   1204 |   1204 |      0 |    140 |    782 |   1 | 1204.0 |
       Dungeon |   1204 |   1204 |      0 |    140 |    782 |   1 | 1204.0 |
               +--------+--------+--------+--------+--------+-----+--------+

Top non-repeatable levels by time:
     D:1: 1204 daAuts
